AoeStats
← 钓鱼佬

African Clearing

506118679Analyzed
4v4 RM · 20d ago on Sep 12, 2026· 51m 39s· 8 players
Game mode
Random Map
Map size
Large (8 player)
Population
200
Speed
Normal
Resources
Standard
Victory
Conquest
Starting age
Dark Age
Ending age
Imperial Age
RankedLock teamsTeams togetherTeam positionsShared explorationLock speedFull tech treeHidden civsTurbo modeCheats
Victory
Defeat
🇨🇳 Celts · China
1842
+15
🇨🇳 Spanish · China
1645
+22
🇨🇳 Burmese · China
1582
+24
🇨🇳 Koreans · China
1553
+26
🇺🇸 Georgians · United States
1843
-24
🇨🇳 Mongols · China
1777
-21
🇺🇸 Shu · United States
1775
-21
🇨🇳 Inca · China
1773
-21
自有大儒为我辩经
14:28 Feudal Age
13:46 Loom
18:08 Castle Age
15:32 Champi Runner
18:38 Champi Warrior
19:23 Fishing Lines
20:46 Scale Mail Armor
21:24 Gillnets
21:54 Horse Collar
22:25 Squires
23:40 Double-Bit Axe
23:46 Gold Mining
25:12 Chain Mail Armor
26:11 Wheelbarrow
26:38 Forging
28:51 Iron Casting
29:38 Elite Skirmisher
30:24 Fletching
31:47 Bodkin Arrow
34:07 Ballistics
39:56 Imperial Age
37:33 Padded Archer Armor
38:44 Leather Archer Armor
38:56 Bow Saw
39:51 Hand Cart
39:31 Treadmill Crane
42:10 Blast Furnace
41:43 Conscription
43:35 Gold Shaft Mining
43:06 Heavy Plow
44:48 Plate Mail Armor
45:39 Town Watch
Mo_Tastic
12:31 Feudal Age
13:07 Double-Bit Axe
14:24 Loom
15:08 Fletching
22:29 Castle Age
20:58 Padded Archer Armor
22:12 Fishing Lines
22:33 Crossbowman
23:09 Bodkin Arrow
23:40 Bow Saw
23:16 Elite Skirmisher
24:14 Leather Archer Armor
28:29 Wheelbarrow
29:01 Horse Collar
33:54 Ballistics
37:47 Imperial Age
35:23 Stone Mining
36:57 Thumb Ring
37:14 Town Watch
37:47 Hand Cart
38:01 Scale Mail Armor
38:12 Forging
38:17 Arbalester
40:23 Bracer
42:04 Chemistry
42:46 Conscription
43:20 Ring Archer Armor
43:14 Siege Engineers
43:53 Bolt Magazine
47:03 Chain Mail Armor
48:51 Plate Mail Armor
Eli
12:50 Feudal Age
12:47 Loom
13:18 Town Watch
19:57 Forging
34:04 Double-Bit Axe
37:22 Horse Collar
38:56 Fishing Lines
43:40 Castle Age
44:41 Bow Saw
45:01 Gillnets
胖子事情多
7:13 Loom
13:18 Feudal Age
17:40 Castle Age
38:47 Town Watch
41:25 Horse Collar
44:20 Wheelbarrow
45:42 Fortified Wall
DZT_白霜魔头
11:52 Feudal Age
11:59 Man-at-Arms
14:47 Loom
17:04 Town Watch
24:29 Castle Age
22:26 Stone Mining
23:54 Horse Collar
29:33 Double-Bit Axe
33:52 Wheelbarrow
34:30 Bow Saw
38:27 Imperial Age
36:53 Heavy Plow
37:20 Forging
37:16 Gold Mining
38:02 Stone Shaft Mining
38:16 Hand Cart
38:18 Scale Mail Armor
39:17 Chain Mail Armor
39:38 Conscription
40:42 Plate Mail Armor
40:48 Iron Casting
42:43 Gold Shaft Mining
42:47 Stronghold
42:27 Elite Woad Raider
42:27 Elite Woad Raider
47:27 Blast Furnace
48:00 Coinage
口古口古嘎嘎
6:56 Loom
13:57 Feudal Age
14:38 Double-Bit Axe
18:09 Castle Age
21:04 Fletching
21:55 Bodkin Arrow
33:52 Town Watch
43:46 Horse Collar
44:28 Gold Mining
45:53 Wheelbarrow
49:22 Hand Cart
49:26 Bow Saw
52:42 Imperial Age
50:18 Elite Skirmisher
51:09 Heavy Plow
51:18 Thumb Ring
lemon tea
9:09 Loom
11:37 Feudal Age
11:47 Man-at-Arms
20:42 Fletching
24:47 Double-Bit Axe
25:46 Horse Collar
31:37 Castle Age
36:00 Castle Age
42:22 Town Watch
46:04 Wheelbarrow
47:38 Hand Cart
48:02 Bow Saw
49:13 Heavy Plow
53:14 Imperial Age
51:03 Fortified Wall
51:05 Gold Mining
51:05 Stone Mining
52:16 Masonry
钓鱼佬
5:06 Loom
10:04 Loom
13:25 Feudal Age
17:36 Castle Age
17:42 Padded Archer Armor
23:58 Husbandry
25:00 Bloodlines
30:01 Ballistics
32:39 Wheelbarrow
34:43 Imperial Age
35:15 Hand Cart
35:29 Gold Mining
35:39 Elite Arambai
40:30 Parthian Tactics
41:25 Gold Shaft Mining
42:11 Chemistry
43:40 Horse Collar
49:09 Elite Battle Elephant
49:57 Scale Barding Armor
51:24 Chain Barding Armor
51:17 Forging
51:46 Heavy Plow
Connection lost

Rejoining the realm…

Still unreachable

The connection could not be restored.

Session expired

The server has moved on; the page needs a fresh start.